 Dungeon Crawl Stone Soup version 0.31-a0-232-gb1c03b2570 (webtiles) character file.

Game seed: 5373285899374117523

104 qw the Shooter (level 4, -2/26 HPs)
             Began as a Gargoyle Hexslinger on July 7, 2023.
             Slain by an orc
             ... wielding a +0 falchion
              (5 damage)
             ... on level 3 of the Dungeon.
             The game lasted 00:00:46 (1665 turns).

qw the Shooter (Gargoyle Hexslinger)                Turns: 1665, Time: 00:00:47

Health: -2/26      AC:  8    Str: 12    XL:     4   Next: 80%
Magic:  5/5        EV: 10    Int: 13    God:
Gold:   109        SH:  0    Dex: 14    Spells: 4/5 levels left

rFire   . . .        Y - +1 sling
rCold   . . .        (no shield)
rNeg    + . .        g - +0 ring mail
rPois   inf          (no helmet)
rElec   +            (no cloak)
rCorr   .            (no gloves)
SInv    .            (no boots)
Will    .....        (no amulet)
Stlth   +            (no ring)
HPRegen 0.24/turn    (no ring)
MPRegen 0.09/turn

%: no passive effects
@: no status effects
A: sickness immunity, AC +3, negative energy resistance 1, electricity
resistance, torment resistance 1, petrification resistance
a: no special abilities


You were on level 3 of the Dungeon.
You visited 1 branch of the dungeon, and saw 3 of its levels.

You collected 109 gold pieces.


Innate Abilities, Weirdness & Mutations

You are immune to sickness and miasma.
Your stone body is resilient. (AC +3)
You are immune to poison.
You resist negative energy. (rN+)
You are resistant to electric shocks. (rElec)
You are resistant to unholy torment.
You are immune to petrification.


   Skills:
 - Level 2.0 Fighting
 + Level 4.3 Ranged Weapons
 - Level 1.0 Armour
 - Level 1.5 Dodging
 - Level 1.0 Spellcasting
 - Level 2.6 Hexes


You had 4 spell levels left.
You knew the following spells:

 Your Spells              Type           Power      Damage    Failure   Level
a - Slow                  Hex            28%        N/A       22%         1

Your spell library contained the following spells:

 Spells                   Type           Power      Damage    Failure   Level
 Inner Flame              Hex/Fire       4%         N/A       73%         3
 Portal Projectile        Hex/Tloc       8%         N/A       73%         3
 Cause Fear               Hex            3%         N/A       91%         4

Inventory:

Hand Weapons
 Y - a +1 sling (weapon)
Armour
 g - a +0 ring mail (worn)
Scrolls
 b - a scroll of identify
 c - a scroll of enchant armour {unknown}
Potions
 a - a potion of ambrosia {unknown}
 h - a potion of attraction {unknown}

Dungeon Overview and Level Annotations

Branches:
Dungeon (3/15)

Altars:
Ashenzari
Makhleb


Message History

Something hits you but does no damage. The orc closely misses you.
The orc misses you.
You shoot a sling bullet.
The sling bullet hits the orc but does no damage.
The orc is heavily wounded.
Something hits you but does no damage.
The orc wizard points at you and mumbles some strange words.
You resist with some effort. The orc hits you with a +0 short sword.
The orc closely misses you. The orc hits you but does no damage. x2
The orc wizard hits you but does no damage.
Something hits you.
You shoot a sling bullet.
The sling bullet hits the orc but does no damage.
The orc is heavily wounded.
The orc closely misses you. The orc hits you but does no damage.
Something hits you.
The orc wizard hits you with a +0 dagger.
You shoot a sling bullet.
The sling bullet hits the orc but does no damage.
The orc is heavily wounded.
Something hits you but does no damage. The orc hits you but does no damage.
The orc closely misses you.
The orc wizard hits you but does no damage.
You shoot a sling bullet.
The sling bullet hits the orc but does no damage.
The orc is heavily wounded.
You hear some strange, mumbled words.
Something tries to affect you, but you resist.
The orc wizard hits you with a +0 dagger.
The orc hits you but does no damage. The orc misses you.
The orc wizard hits you with a +0 dagger.
Something hits you. The orc hits you but does no damage.
The orc hits you with a +0 short sword.
You shoot a sling bullet.
The sling bullet closely misses the orc.
You hear some strange, mumbled words.
Something tries to affect you, but you resist.
The orc wizard hits you but does no damage.
The orc misses you. The orc hits you with a +0 falchion.
You die...

.<..............#
................#.#
................#.###. #
.........)......#.... ..
......##..#........##.#.
########..#.....).......
#..#...[.........
..........oo......
.._.......@{r.....
............o......
.......#............
###.............)..
.....#............
..................
................
......$........


You could see an orc wizard, 2 orcs and a rat.

Vanquished Creatures
  Jessica (D:2)
  An adder (D:2)
  5 worms
  A dart slug (D:1)
  An orc (D:3)
  7 ball pythons
  4 bats (D:1)
  2 endoplasms (D:1)
  3 giant cockroaches
  3 goblins
  6 hobgoblins
  3 jackals (D:2)
  3 kobolds
  A quokka (D:1)
  4 frilled lizards
  4 rats (D:1)
49 creatures vanquished.

Notes
Turn   | Place    | Note
-------+----------+-------------------------------------------
     0 | D:1      | qw the Gargoyle Hexslinger began the quest for the Orb.
     0 | D:1      | Reached XP level 1. HP: 12/12 MP: 2/2
     0 | D:1      | 0 ||| qw: Version: 0.3-a-46-gb1f654a
     0 | D:1      | 0 ||| qw: Game counter: 2920
     0 | D:1      | 0 ||| qw: Melee chars always use a shield: true
     0 | D:1      | 0 ||| qw: God list: Okawaru
     0 | D:1      | 0 ||| qw: Allow faded altars: false
     0 | D:1      | 0 ||| qw: Do Orc after clearing Dungeon:15 true
     0 | D:1      | 0 ||| qw: Do second Lair branch before Depths: true
     0 | D:1      | 0 ||| qw: Lair rune preference: random
     0 | D:1      | 0 ||| qw: Goals: Normal
     0 | D:1      | 0 ||| PLANNING D:1-11
    16 | D:1      | 16 ||| Stepping ~*~*~tactically~*~*~ (outnumbered).
    76 | D:1      | Reached XP level 2. HP: 16/16 MP: 3/3
   111 | D:1      | HP: 3/16 [goblin/+0 dagger (3)]
   193 | D:1      | Reached skill level 3 in Ranged Weapons
   378 | D:1      | Reached XP level 3. HP: 21/21 MP: 4/4
   817 | D:1      | 817 ||| UPGRADING to +0 ring mail.
   827 | D:1      | 827 ||| DROPPING +0 robe.
   828 | D:1      | 828 ||| READING scroll labelled ORGHIB CYSO.
   829 | D:1      | 829 ||| READING 2 scrolls labelled WUAG EMNAIROSM.
   830 | D:1      | 830 ||| DRINKING 2 sapphire potions.
   831 | D:1      | 831 ||| DROPPING scroll of poison.
   832 | D:1      | 832 ||| DROPPING scroll of fog.
  1318 | D:2      | Reached XP level 4. HP: 26/26 MP: 5/5
  1340 | D:2      | Found a faded altar of an unknown god.
  1567 | D:3      | Noticed Jessica
  1577 | D:3      | 1577 ||| STAIRDANCE
  1594 | D:3      | 1594 ||| STAIRDANCE
  1597 | D:2      | HP: 5/26 [Jessica/+2 club (4)]
  1598 | D:2      | 1598 ||| DRINKING potion of heal wounds.
  1600 | D:2      | Killed Jessica
  1601 | D:2      | Reached skill level 4 in Ranged Weapons
  1627 | D:3      | Reached skill level 1 in Armour
  1631 | D:3      | Found a broken altar of Ashenzari.
  1636 | D:3      | Found a burning altar of Makhleb.
  1664 | D:3      | HP: 6/26 [orc wizard/+0 dagger (3)]
  1665 | D:3      | Slain by an orc

Levels and vault maps discovered:
D:1:      spicycebolla_arrival_xxxplode, layout_basic
D:2:      layout_loops_cross, shapermc_ecumenical_altar_pompeii
D:3:      layout_basic, cheibrodos_ashenzari_chains, bloody_makhleb,
          minmay_shallow_snake_nest, uniq_jessica

Skill      XL: |  1  2  3  4 |
---------------+-------------+-----
Ranged Weapons | 3 4 |  4.3
Fighting       | 2 |  2.0
Armour         | 1 |  1.0
Dodging        | |  1.5
Spellcasting   | |  1.0
Hexes          | |  2.6

Action                     |  1- 3 |  4- 6 || total
---------------------------+-------+-------++-------
   Fire: Sling             |   158 |    40 ||   198
    Use: Scroll            |     2 |       ||     2
         Potion            |     1 |     1 ||     2
 Armour: Robe              |    14 |       ||    14
         Ring mail         |    12 |    28 ||    40
  Dodge: Dodged            |    43 |    25 ||    68

Table legend:
 A = Non-vault XP
 B = Vault XP
 C = Vault XP percentage of total XP
 D = Non-vault monster count
 E = Vault monster count
 F = Vault count percentage of total count
                 A         B        C        D         E       F
            +---------+---------+-------+---------+---------+-------
      Total |     112 |      37 |  24.8 |      48 |       1 |   2.0
            +---------+---------+-------+---------+---------+-------
        D:1 |      47 |       0 |   0.0 |      27 |       0 |   0.0
        D:2 |      56 |      37 |  39.8 |      18 |       1 |   5.3
        D:3 |       9 |       0 |   0.0 |       3 |       0 |   0.0
            +---------+---------+-------+---------+---------+-------
